 Dungeon Crawl Stone Soup version 0.30.1-11-g7821555f0a (webtiles) character file.

Game seed: 14084212757706690420

37 comborobin the Sneak (level 3, 0/19 HPs)
             Began as a Spriggan Delver on Dec 4, 2023.
             Succumbed to a kobold brigand's poison
             ... on level 6 of the Dungeon.
             The game lasted 00:01:49 (724 turns).

comborobin the Sneak (Spriggan Delver)               Turns: 724, Time: 00:01:50

Health: 0/19       AC:  2    Str:  8    XL:     3   Next: 23%
Magic:  4/4        EV: 18    Int: 11    God:
Gold:   0          SH:  0    Dex: 18    Spells: 2/2 levels left

rFire   . . .        a - +0 short sword
rCold   . . .        (no shield)
rNeg    . . .        b - +0 robe
rPois   .            (helmet restricted)
rElec   .            (no cloak)
rCorr   .            (gloves unavailable)
SInv    +            (boots unavailable)
Will    .....        (no amulet)
Stlth   ++++         (no ring)
HPRegen 0.23/turn    (no ring)
MPRegen 0.09/turn

%: no passive effects
@: lethally poisoned (0 -> -10), very quick
A: very small, no large weapons, unfitting armour, see invisible, speed 3
a: no special abilities


You were on level 6 of the Dungeon.
You visited 1 branch of the dungeon, and saw 3 of its levels.

Inventory:

Hand Weapons
 a - a +0 short sword (weapon)
Armour
 b - a +0 robe (worn)
Magical Staves
 e - a staff of death


   Skills:
 - Level 2.4 Fighting
 + Level 3.0 Short Blades
 + Level 3.5 Dodging
 + Level 7.8 Stealth


You had 2 spell levels left.
You didn't know any spells.
Your spell library was empty.

Dungeon Overview and Level Annotations

Branches:
Dungeon (7/15)             Temple (0/1) D:6

Altars:
Zin


Innate Abilities, Weirdness & Mutations

You are very small and have problems with some larger weapons.
You are too small for most types of armour.
You have supernaturally acute eyesight. (SInv)
You cover ground extremely quickly. (Speed+++)


Message History

You feel sick.
You feel sick.
A gnoll comes into view. It is wielding a +0 spear.
You feel sick.
You feel sick.
You are no longer poisoned.
You start resting.
A kobold brigand is nearby!
A kobold brigand is nearby!
Throw: 2 darts (poison)
Press: ? - help, Q - select action Shift-Dir - straight line, f/p - kobold brigand
Aim: a kobold brigand, wielding a +0 short sword and quivering poisoned darts (heavily wounded, 55% to hit)
You throw a poisoned dart.
The poisoned dart closely misses the kobold brigand.
The kobold brigand throws a poisoned dart.
The poisoned dart hits you!
You are poisoned.
Throw: dart (poison)
Press: ? - help, Q - select action Shift-Dir - straight line, f/p - kobold brigand
Aim: a kobold brigand, wielding a +0 short sword and quivering poisoned darts (heavily wounded, 55% to hit)
You throw a poisoned dart.
The poisoned dart hits the kobold brigand.
The kobold brigand is poisoned.
The kobold brigand is heavily wounded.
You feel very sick.
The kobold brigand throws a poisoned dart.
The poisoned dart hits you!
You are lethally poisoned!
You feel very sick.
You aren't carrying any potions.
Okay, then.
* * * LOW HITPOINT WARNING * * *
You feel sick.
The kobold brigand throws a poisoned dart.
The poisoned dart completely misses you.
As you read the scroll of fog, it crumbles to dust.
The scroll dissolves into smoke.
* * * LOW HITPOINT WARNING * * *
You feel very sick.
You die...

*.# #.#.# ##.## #####.# #.#.#
##)## #>K...# #.#.# ##.# #.#.###
#.#.# ### #.#.## #.#.#
#K#..###########§#)#######*******
#.##..K(...K..§§§§§g......,,,,,,,
..####.#########§#.#######*******
.## #.# #@#.# (#####.# #§#.#
******** .##....# #####.#.#
*,,,,,,, .##....## #.....#.#
*,****** .##.....####..####.#
*,*,,,,, ....(._......## #.#
*,*,**** #####..(..#### #.# *,*,*
##....# #.#******,*,**** #.K((#
*,,,,,,,,,,,,,,,


There were no monsters in sight!

Vanquished Creatures
  3 gnolls (D:6)
  6 kobolds
9 creatures vanquished.

Notes
Turn   | Place    | Note
-------+----------+-------------------------------------------
     0 | D:5      | comborobin the Spriggan Delver began the quest for the Orb.
     0 | D:5      | Reached XP level 1. HP: 11/11 MP: 2/2
    19 | D:6      | Noticed a kobold brigand
   312 | D:5      | Noticed a jelly
   468 | D:6      | Reached XP level 2. HP: 16/16 MP: 3/3
   508 | D:6      | Reached XP level 3. HP: 4/19 MP: 4/4
   623 | D:6      | Found a glowing silver altar of Zin.
   724 | D:6      | Succumbed to a kobold brigand's poison

Illustrated notes

Levels and vault maps discovered:
D:5:      layout_basic, serial_bayou_pond_b
D:6:      layout_basic, nicolae_overflow_crystal_walls,
          minmay_temple_entry_trees, serial_bayou_ford_a
D:7:      layout_cave_pools, serial_shops, kennysheep_little_box,
          kennysheep_pointless_box, minmay_misc_feat_tower

Skill      XL: |  1  2 |
---------------+-------+-----
Dodging        | 3 |  3.5
Short Blades   | 3 |  3.0
Fighting       | |  2.4
Stealth        | |  7.8

Action                     || total
---------------------------++-------
  Melee: Short sword       ||    45
  Throw: Dart              ||    25
  Evoke: Wand              ||     3
    Use: Scroll            ||     4
         Potion            ||     1
 Armour: Robe              ||     2
  Dodge: Dodged            ||    35
